 Dungeon Crawl Stone Soup version 0.26-a0-43-g20b394c (webtiles) character file.

Game seed: 15054482513902640351

47 PetulantCries the Grave Robber (level 3, -1/19 HPs)
             Began as a Deep Elf Necromancer on June 2, 2020.
             Slain by a centaur skeleton (3 damage)
             ... on level 2 of the Dungeon.
             The game lasted 00:10:54 (2386 turns).

PetulantCries the Grave Robber (DENe)               Turns: 2386, Time: 00:10:55

Health: -1/19      AC:  2    Str:  5    XL:     3   Next: 48%
Magic:  10/10      EV: 10    Int: 20    God:
Gold:   56         SH:  6    Dex: 15    Spells: 5/10 levels left

rFire    . . .     SeeInvis .   o - +0 short sword (vamp)
rCold    . . .     Gourm    .   f - +0 kite shield
rNeg     . . .     Faith    .   a - +0 robe
rPois    .         Spirit   .   (no helmet)
rElec    .         Reflect  .   (no cloak)
rCorr    .         Harm     .   (no gloves)
MR       .....                  (no boots)
Stlth    ++........             (no amulet)
HPRegen  0.06/turn              (no ring)
MPRegen  0.12/turn              (no ring)

@: mighty
A: no striking features
a: no special abilities


You were on level 2 of the Dungeon.
You were not hungry.

You visited 1 branch of the dungeon, and saw 2 of its levels.

You collected 56 gold pieces.

Inventory:

Hand Weapons
 g - a +0 dagger
 h - a +0 short sword
 o - a +0 vampiric short sword (weapon)
Missiles
 i - 34 stones
 l - 11 poisoned darts (quivered)
Armour
 a - a +0 robe (worn)
 f - a +0 kite shield (worn)
 k - a +0 leather armour
Scrolls
 b - a scroll of remove curse {unknown}
 e - 2 scrolls of enchant armour {unknown}
 m - 2 scrolls of identify {unknown}
 n - a scroll of immolation {unknown}
Comestibles
 c - a ration
 j - 2 chunks of flesh


   Skills:
 + Level 0.1 Fighting
 + Level 0.2 Short Blades
 + Level 2.7 Dodging
 + Level 2.6 Stealth
 + Level 4.2 Spellcasting
 + Level 5.4 Necromancy


You had 5 spell levels left.
You knew the following spells:

 Your Spells              Type           Power        Failure   Level  Hunger
a - Pain                  Necr           ####         10%         1    None
b - Animate Skeleton      Necr           N/A          10%         1    None
c - Vampiric Draining     Necr           ####......   28%         3    ###....

Your spell library contained the following spells:

 Spells                   Type           Power        Failure   Level  Hunger
 Animate Dead             Necr           N/A          67%         4    ####...
 Agony                    Necr           ####....     95%         5    ######.


Dungeon Overview and Level Annotations

Branches:
Dungeon (2/15)

Altars:
Ashenzari


Message History

You finish putting on your +0 kite shield.
Okay, then.
Unknown command.
Okay, then.
Casting: Animate Skeleton (safe; 10% risk of failure)
Confirm with . or Enter, or press ? or * to list all spells.
The spell is potentially lethal to cast (28% risk of failure)!
Continue anyway?
Okay, then.
Unknown command.
Unknown command.
Press: ? - help, v - describe, . - travel
Here: a centaur skeleton (lightly damaged)
The floor.
Unknown command.
Okay, then.
Unknown command.
It was a potion of might.
You feel very mighty all of a sudden. The centaur skeleton hits you.
You die...

#......#.#.#.##
#......#.#.#.###
#..........#....
#......#####.### #.
#......# #[.#
#.######......# #.##
#.......####### #.#
#.#####.### #.#
####.##.Z@...# #.#
#.......##.#.########.####
#.##.##.##.#..............
#..)..%.# #######.#####
####.#### #.##### #.#
#.##... ..# #.##.## ####
#.##.## #......


You could see a centaur skeleton.

Vanquished Creatures
  2 worms (D:2)
  A dart slug (D:2)
  A leopard gecko (D:1)
  4 giant cockroaches (D:2)
  5 goblins
  3 hobgoblins
  3 jackals (D:1)
  5 kobolds
  6 bats (D:1)
  A frilled lizard (D:1)
  3 rats (D:1)
34 creatures vanquished.

Vanquished Creatures (collateral kills)
  A hobgoblin (D:1)
  A frilled lizard (D:1)
  A rat (D:1)
3 creatures vanquished.

Grand Total: 37 creatures vanquished

Notes
Turn   | Place    | Note
-------+----------+-------------------------------------------
     0 | D:1      | PetulantCries the Deep Elf Necromancer began the quest for
                  | the Orb.
     0 | D:1      | Reached XP level 1. HP: 10/10 MP: 6/6
     2 | D:1      | Learned a level 1 spell: Animate Skeleton
   124 | D:1      | Reached skill level 5 in Necromancy
   368 | D:1      | Reached XP level 2. HP: 7/15 MP: 2/8
  1749 | D:2      | Reached XP level 3. HP: 19/19 MP: 10/10
  1990 | D:2      | Learned a level 3 spell: Vampiric Draining
  2106 | D:2      | Found a shattered altar of Ashenzari.
  2386 | D:2      | Slain by a centaur skeleton

Illustrated notes

Levels and vault maps discovered:
D:1:      minmay_arrival_checkered_box, layout_basic
D:2:      layout_loops_cross, marbit_many_paths, overflow_temple_1_default,
          chequers_ecumenical_altar_simple_redux

Skill      XL: |  1  2  3 |
---------------+----------+-----
Necromancy     | 5 |  5.4
Spellcasting   | 4 |  4.2
Fighting       | |  0.1
Short Blades   | |  0.2
Dodging        | |  2.7
Stealth        | |  2.6

Action                   || total
-------------------------++-------
Melee: Dagger            ||    29
       Short sword       ||     5
Throw: Dart              ||    10
 Cast: Pain              ||    41
       Animate Skeleton  ||    15
  Use: Potion            ||     1
 Stab: Sleeping          ||     4
  Eat: Chunk             ||     4
Armor: Robe              ||    12
Dodge: Dodged            ||    50

Table legend:
 A = Non-vault XP
 B = Vault XP
 C = Vault XP percentage of total XP
 D = Non-vault monster count
 E = Vault monster count
 F = Vault count percentage of total count
                 A         B        C        D         E       F
            +---------+---------+-------+---------+---------+-------
      Total |      68 |       0 |   0.0 |      37 |       0 |   0.0
            +---------+---------+-------+---------+---------+-------
        D:1 |      37 |       0 |   0.0 |      25 |       0 |   0.0
        D:2 |      31 |       0 |   0.0 |      12 |       0 |   0.0
            +---------+---------+-------+---------+---------+-------
